[ AOE2 MATCH · #505949049 ]
UnrankedTeutons vs Britons
Player's team · WIN
Rival team · LOSS
[ REPLAY ANALYSIS · EXTRACTED FROM THE RECORDED GAME ]
Feudal
8:11
Castle
22:27
Imperial
29:40
| APM avg | 51.2 |
| APM peak | 81 |
| eAPM avg | 31.1 |
| Villagers / military | 62 / 18 |
Focus
⚔️ 51.8% · 🌾 48.2%
Teutonic Knight ×9 · Mangonel ×6 · Trebuchet (Packed) ×3
Feudal
10:05
Castle
13:52
Imperial
34:21
| APM avg | 45.1 |
| APM peak | 108 |
| eAPM avg | 22.5 |
| Villagers / military | 57 / 5 |
Focus
⚔️ 24.9% · 🌾 75.1%
Mangonel ×3 · Monk ×2
Match map
Initial resources + every placement click. Lines = walls · curves = elevation contours. ◆ gold · ⬟ stone · ● berries · ✦ relic · ◌ wall gap
Your base· ✓ Closed at 22:27 · 26t walls · 6 gate(s)
Spooner's base· ✓ Closed at 13:52 · 2t walls · 3 gate(s)
Smoothed initial terrain · ◌ = detected wall gap · hover for details
Inputs per minute
— ELEG PropiaNea - - Spooner
Build order — ELEG PropiaNea
First 150 of 186 actions detected
| 0:01 | Queue | Villager (Male) |
| 0:01 | Queue | Villager (Male) |
| 0:02 | Build | House |
| 0:03 | Build | House |
| 0:11 | Queue | Villager (Male) |
| 0:11 | Queue | Villager (Male) |
| 1:22 | Build | Lumber Camp |
| 1:42 | Queue | Villager (Male) |
| 1:59 | Queue | Villager (Male) |
| 1:59 | Queue | Villager (Male) |
| 2:31 | Queue | Villager (Male) |
| 2:32 | Queue | Villager (Male) |
| 2:45 | Queue | Villager (Male) |
| 2:45 | Queue | Villager (Male) |
| 3:02 | Queue | Villager (Male) |
| 3:21 | Queue | Villager (Male) |
| 3:21 | Queue | Villager (Male) |
| 3:36 | Queue | Villager (Male) |
| 3:46 | Queue | Villager (Male) |
| 3:51 | Build | House |
| 3:52 | Build | House |
| 4:52 | Build | Mill |
| 4:59 | Build | Mill |
| 5:00 | Queue | Villager (Male) |
| 5:26 | Research | Loom |
| 6:01 | Research | Feudal Age |
| 6:01 | Research | Feudal Age |
| 6:14 | Build | Mining Camp |
| 7:45 | Queue | Villager (Male) |
| 8:11 | Age | Feudal Age |
| 8:13 | Build | Watch Tower |
| 8:14 | Research | Double-Bit Axe |
| 8:14 | Research | Double-Bit Axe |
| 8:37 | Queue | Villager (Male) |
| 8:37 | Queue | Villager (Male) |
| 8:59 | Build | Watch Tower |
| 9:25 | Queue | Villager (Male) |
| 9:25 | Queue | Villager (Male) |
| 10:00 | Build | Outpost |
| 10:04 | Queue | Villager (Male) |
| 10:34 | Build | Watch Tower |
| 10:39 | Queue | Villager (Male) |
| 10:39 | Queue | Villager (Male) |
| 10:44 | Build | House |
| 10:45 | Build | House |
| 11:14 | Queue | Villager (Male) |
| 11:41 | Queue | Villager (Male) |
| 11:41 | Queue | Villager (Male) |
| 11:46 | Build | House |
| 12:07 | Queue | Villager (Male) |
| 12:07 | Queue | Villager (Male) |
| 12:29 | Queue | Villager (Male) |
| 12:57 | Build | Farm |
| 13:00 | Build | Farm |
| 13:02 | Build | Farm |
| 13:05 | Build | Farm |
| 13:07 | Build | Farm |
| 13:09 | Build | Farm |
| 13:11 | Build | Blacksmith |
| 13:15 | Build | Watch Tower |
| 13:16 | Queue | Villager (Male) |
| 13:33 | Build | House |
| 13:36 | Build | Palisade Wall |
| 13:38 | Build | House |
| 13:41 | Build | Palisade Wall |
| 13:44 | Build | Palisade Wall |
| 13:44 | Queue | Villager (Male) |
| 14:02 | Build | Outpost |
| 14:06 | Queue | Villager (Male) |
| 14:07 | Queue | Villager (Male) |
| 14:20 | Build | Outpost |
| 14:23 | Queue | Villager (Male) |
| 14:34 | Build | Outpost |
| 14:38 | Queue | Villager (Male) |
| 14:44 | Build | Farm |
| 14:52 | Build | Farm |
| 14:58 | Build | Watch Tower |
| 15:14 | Build | Gate |
| 15:16 | Build | Stone Wall |
| 15:36 | Queue | Villager (Male) |
| 15:41 | Build | Mining Camp |
| 16:07 | Queue | Villager (Male) |
| 16:24 | Queue | Villager (Male) |
| 16:33 | Build | Market |
| 16:58 | Queue | Villager (Male) |
| 17:09 | Build | Watch Tower |
| 17:09 | Queue | Villager (Male) |
| 17:35 | Build | Farm |
| 17:36 | Queue | Villager (Male) |
| 18:05 | Build | Farm |
| 18:26 | Build | Palisade Wall |
| 18:35 | Build | Palisade Wall |
| 18:36 | Build | Palisade Wall |
| 18:37 | Build | Palisade Wall |
| 18:42 | Queue | Villager (Male) |
| 18:47 | Build | Farm |
| 18:56 | Research | Town Watch |
| 18:56 | Research | Town Watch |
| 19:22 | Build | House |
| 19:39 | Build | Palisade Gate |
| 19:43 | Build | Palisade Wall |
| 19:47 | Research | Castle Age |
| 19:51 | Build | Palisade Wall |
| 19:56 | Build | Palisade Wall |
| 20:00 | Build | Palisade Wall |
| 20:01 | Build | Palisade Wall |
| 20:03 | Build | Palisade Wall |
| 20:16 | Build | Palisade Wall |
| 20:23 | Build | Palisade Wall |
| 20:33 | Build | Palisade Gate |
| 20:42 | Build | Palisade Gate |
| 20:52 | Queue | Villager (Male) |
| 21:02 | Build | Palisade Wall |
| 21:04 | Build | Palisade Wall |
| 21:07 | Build | Palisade Wall |
| 21:18 | Build | Palisade Wall |
| 21:38 | Build | Palisade Wall |
| 21:40 | Build | Palisade Wall |
| 21:45 | Build | Palisade Wall |
| 21:54 | Research | Horse Collar |
| 21:55 | Research | Gold Mining |
| 21:55 | Research | Stone Mining |
| 21:55 | Research | Stone Mining |
| 22:01 | Build | Lumber Camp |
| 22:27 | Age | Castle Age |
| 22:40 | Build | Castle |
| 22:53 | Queue | Villager (Male) |
| 23:23 | Queue | Villager (Male) |
| 23:25 | Build | Mining Camp |
| 23:31 | Research | Fletching |
| 23:40 | Queue | Villager (Male) |
| 23:55 | Build | Farm |
| 24:17 | Build | Farm |
| 24:17 | Build | Farm |
| 24:48 | Queue | Villager (Male) |
| 24:48 | Queue | Villager (Male) |
| 25:44 | Build | Farm |
| 26:30 | Research | Imperial Age |
| 27:54 | Research | Bow Saw |
| 28:06 | Build | Siege Workshop |
| 28:11 | Build | Siege Workshop |
| 28:41 | Queue | Villager (Male) |
| 28:59 | Queue | Mangonel |
| 29:01 | Build | Outpost |
| 29:05 | Build | Outpost |
| 29:10 | Build | Outpost |
| 29:13 | Build | Outpost |
| 29:21 | Queue | Mangonel |
| 29:32 | Queue | Villager (Male) |
| 29:34 | Queue | Villager (Male) |
Build order — Spooner
First 150 of 153 actions detected
| 0:00 | Queue | Villager (Male) |
| 0:00 | Queue | Villager (Male) |
| 0:00 | Queue | Villager (Male) |
| 0:01 | Queue | Villager (Male) |
| 0:02 | Build | House |
| 0:03 | Build | House |
| 1:22 | Queue | Villager (Male) |
| 1:52 | Build | Lumber Camp |
| 1:58 | Queue | Villager (Male) |
| 2:04 | Queue | Villager (Male) |
| 2:27 | Queue | Villager (Male) |
| 3:13 | Queue | Villager (Male) |
| 3:16 | Queue | Villager (Male) |
| 3:32 | Build | Mill |
| 3:48 | Build | House |
| 3:57 | Queue | Villager (Male) |
| 4:26 | Build | House |
| 4:28 | Queue | Villager (Male) |
| 4:32 | Build | Farm |
| 4:54 | Queue | Villager (Male) |
| 4:55 | Queue | Villager (Male) |
| 5:21 | Queue | Villager (Male) |
| 5:24 | Queue | Villager (Male) |
| 5:40 | Queue | Villager (Male) |
| 5:58 | Queue | Villager (Male) |
| 6:08 | Queue | Villager (Male) |
| 6:18 | Build | Mining Camp |
| 6:33 | Queue | Villager (Male) |
| 6:41 | Queue | Villager (Male) |
| 6:52 | Queue | Villager (Male) |
| 7:50 | Research | Feudal Age |
| 8:29 | Build | House |
| 8:33 | Build | Palisade Wall |
| 8:34 | Build | Palisade Wall |
| 8:54 | Research | Loom |
| 9:05 | Queue | Villager (Male) |
| 10:05 | Age | Feudal Age |
| 10:09 | Build | Market |
| 10:21 | Build | Blacksmith |
| 10:38 | Build | House |
| 11:12 | Research | Castle Age |
| 11:48 | Build | House |
| 11:50 | Build | House |
| 12:47 | Build | Lumber Camp |
| 12:50 | Build | Lumber Camp |
| 13:52 | Age | Castle Age |
| 13:57 | Build | Siege Workshop |
| 14:03 | Build | Lumber Camp |
| 14:05 | Queue | Villager (Male) |
| 14:06 | Queue | Villager (Male) |
| 14:26 | Queue | Villager (Male) |
| 14:35 | Queue | Mangonel |
| 15:30 | Build | Palisade Gate |
| 15:36 | Build | House |
| 16:06 | Queue | Villager (Male) |
| 16:20 | Build | Farm |
| 16:24 | Build | Farm |
| 16:26 | Queue | Villager (Male) |
| 16:27 | Queue | Villager (Male) |
| 16:37 | Build | Mill |
| 16:42 | Build | Mill |
| 17:09 | Queue | Mangonel |
| 17:21 | Build | Lumber Camp |
| 17:59 | Build | Town Center |
| 19:12 | Build | House |
| 19:31 | Build | Stone Wall |
| 19:34 | Build | Stone Wall |
| 20:11 | Build | Lumber Camp |
| 20:58 | Build | Farm |
| 20:59 | Build | Farm |
| 21:03 | Build | Farm |
| 21:06 | Build | Farm |
| 21:08 | Build | Farm |
| 21:09 | Build | Farm |
| 21:16 | Build | Farm |
| 21:29 | Build | Palisade Wall |
| 21:59 | Queue | Villager (Male) |
| 22:19 | Queue | Villager (Male) |
| 22:19 | Queue | Villager (Male) |
| 22:28 | Build | Farm |
| 22:36 | Build | Outpost |
| 22:37 | Queue | Villager (Male) |
| 22:43 | Queue | Villager (Male) |
| 23:07 | Build | House |
| 23:08 | Build | House |
| 23:11 | Build | House |
| 23:11 | Build | House |
| 23:12 | Queue | Villager (Male) |
| 23:24 | Queue | Villager (Male) |
| 23:28 | Build | Farm |
| 23:37 | Build | House |
| 23:38 | Queue | Villager (Male) |
| 23:44 | Build | Town Center |
| 23:59 | Build | Monastery |
| 24:04 | Build | Monastery |
| 24:11 | Queue | Villager (Male) |
| 24:13 | Queue | Villager (Male) |
| 24:25 | Build | Farm |
| 24:33 | Queue | Villager (Male) |
| 24:43 | Queue | Villager (Male) |
| 24:55 | Build | Town Center |
| 25:03 | Build | Farm |
| 25:05 | Build | Farm |
| 25:07 | Build | Farm |
| 25:09 | Build | Farm |
| 25:11 | Build | Farm |
| 25:12 | Queue | Villager (Male) |
| 25:18 | Queue | Villager (Male) |
| 25:28 | Build | Farm |
| 25:30 | Build | Farm |
| 25:36 | Build | Farm |
| 25:39 | Build | Farm |
| 25:52 | Build | Monastery |
| 26:04 | Queue | Villager (Male) |
| 26:17 | Build | Mining Camp |
| 26:33 | Research | Gold Mining |
| 26:41 | Research | Town Watch |
| 26:44 | Queue | Villager (Male) |
| 26:55 | Research | Wheelbarrow |
| 26:58 | Queue | Villager (Male) |
| 27:09 | Queue | Villager (Male) |
| 27:22 | Queue | Villager (Male) |
| 27:23 | Queue | Villager (Male) |
| 27:27 | Queue | Monk |
| 27:42 | Queue | Villager (Male) |
| 27:51 | Queue | Villager (Male) |
| 27:58 | Queue | Villager (Male) |
| 28:01 | Build | Farm |
| 28:06 | Queue | Villager (Male) |
| 28:20 | Research | Double-Bit Axe |
| 28:23 | Queue | Monk |
| 29:02 | Queue | Villager (Male) |
| 29:05 | Queue | Villager (Male) |
| 29:13 | Build | Farm |
| 29:13 | Build | Farm |
| 29:13 | Build | Farm |
| 29:13 | Build | Farm |
| 29:19 | Queue | Villager (Male) |
| 29:33 | Build | Farm |
| 29:34 | Build | Farm |
| 29:34 | Build | Farm |
| 29:34 | Build | Farm |
| 29:34 | Build | Farm |
| 29:35 | Queue | Villager (Male) |
| 30:33 | Build | Farm |
| 30:37 | Build | Farm |
| 31:11 | Research | Imperial Age |
| 31:51 | Queue | Mangonel |
| 33:17 | Build | Palisade Gate |
| 33:21 | Build | Palisade Gate |
Match timeline
| 8:11 | ELEG PropiaNea · age_up feudal |
| 8:33 | Spooner · wall_segment Palisade Wall x1 |
| 8:34 | Spooner · wall_segment Palisade Wall x1 |
| 10:05 | Spooner · age_up feudal |
| 11:00 | Spooner · first_market_sell 100 stone |
| 11:05 | Spooner · first_market_buy 100 food |
| 13:36 | ELEG PropiaNea · wall_segment Palisade Wall x1 |
| 13:41 | ELEG PropiaNea · wall_segment Palisade Wall x1 |
| 13:44 | ELEG PropiaNea · wall_segment Palisade Wall x1 |
| 13:52 | Spooner · age_up castle |
| 13:57 | Spooner · first_building Siege Workshop |
| 15:16 | ELEG PropiaNea · wall_segment Stone Wall x4 |
| 18:26 | ELEG PropiaNea · wall_segment Palisade Wall x1 |
| 18:35 | ELEG PropiaNea · wall_segment Palisade Wall x1 |
| 18:36 | ELEG PropiaNea · wall_segment Palisade Wall x1 |
| 18:37 | ELEG PropiaNea · wall_segment Palisade Wall x1 |
| 19:14 | ELEG PropiaNea · first_market_sell 100 wood |
| 19:15 | ELEG PropiaNea · first_market_buy 100 food |
| 19:31 | Spooner · wall_segment Stone Wall x1 |
| 19:34 | Spooner · wall_segment Stone Wall x1 |
| 19:43 | ELEG PropiaNea · wall_segment Palisade Wall x1 |
| 19:51 | ELEG PropiaNea · wall_segment Palisade Wall x1 |
| 19:56 | ELEG PropiaNea · wall_segment Palisade Wall x1 |
| 20:00 | ELEG PropiaNea · wall_segment Palisade Wall x1 |
| 20:01 | ELEG PropiaNea · wall_segment Palisade Wall x1 |
| 20:03 | ELEG PropiaNea · wall_segment Palisade Wall x1 |
| 20:16 | ELEG PropiaNea · wall_segment Palisade Wall x1 |
| 20:23 | ELEG PropiaNea · wall_segment Palisade Wall x1 |
| 21:02 | ELEG PropiaNea · wall_segment Palisade Wall x1 |
| 21:04 | ELEG PropiaNea · wall_segment Palisade Wall x1 |
| 21:07 | ELEG PropiaNea · wall_segment Palisade Wall x1 |
| 21:18 | ELEG PropiaNea · wall_segment Palisade Wall x1 |
| 21:29 | Spooner · wall_segment Palisade Wall x1 |
| 21:38 | ELEG PropiaNea · wall_segment Palisade Wall x1 |
| 21:40 | ELEG PropiaNea · wall_segment Palisade Wall x1 |
| 21:45 | ELEG PropiaNea · wall_segment Palisade Wall x1 |
| 22:27 | ELEG PropiaNea · age_up castle |
| 22:40 | ELEG PropiaNea · first_building Castle |
| 23:59 | Spooner · first_building Monastery |
| 28:06 | ELEG PropiaNea · first_building Siege Workshop |
| 29:40 | ELEG PropiaNea · age_up imperial |
| 34:21 | Spooner · age_up imperial |
| 34:31 | Spooner · first_building Castle |
| 34:47 | Spooner · resign |
[ AI ANALYSIS · 1 CREDIT ]
What really happened in this match?
Wolo.gg analyzes every decision: build order, eco, micro, common mistakes by bracket. Personalized analysis on WhatsApp or Discord in 30 seconds.
Civ guide
Teutons
Perfil
Jugador #23931133